 Dungeon Crawl Stone Soup version 0.27.1-15-g792fb953b9 (webtiles) character file.

Game seed: 14926996603525715544

357 Revguard the Slasher (level 6, -3/105 HPs)
             Began as a Demonspawn Gladiator on Nov 20, 2021.
             Succumbed to a hornet's poison
             ... on level 4 of the Dungeon.
             The game lasted 00:09:18 (3571 turns).

Revguard the Slasher (Demonspawn Gladiator)         Turns: 3571, Time: 00:09:18

Health: -3/105     AC: 23    Str: 14    XL:     6   Next: 36%
Magic:  9/9        EV:  2    Int: 12    God:
Gold:   218        SH:  0    Dex: 14    Spells: 9/9 levels left

rFire    . . .     SeeInvis .   e - +1 long sword
rCold    . . .     Faith    .   (no shield)
rNeg     + + +     Spirit   .   (armour currently unavailable)
rPois    +         Reflect  .   (helmet currently unavailable)
rElec    .         Harm     .   (cloak currently unavailable)
rCorr    .         Rampage  .   (gloves currently unavailable)
Will     .....     NoTele   +   (boots currently unavailable)
Stlth    ..........             (no amulet)
HPRegen  0.27/turn              (no ring)
MPRegen  0.11/turn              (no ring)

@: berserking, lethally poisoned (-3 -> -16), tree-form, slowed
A: stationary, stasis, torment immunity, boosted hp, (claws 1), (talons 1),
demonic magic 1
a: no special abilities


You were on level 4 of the Dungeon.
You were a tree.
You visited 1 branch of the dungeon, and saw 4 of its levels.

You collected 218 gold pieces.

Inventory:

Hand Weapons
 e - a +1 long sword (weapon)
Armour
 b - a +1 leather armour (melded)
 c - a +0 helmet (melded)
 k - a +0 cloak (melded)
Jewellery
 h - a ring of fire
 l - a ring of magical power
Scrolls
 a - a scroll of identify {unknown}
 f - 2 scrolls of enchant armour
 g - a scroll of noise
 i - a scroll of teleportation
Potions
 j - a potion of haste


   Skills:
 + Level 3.4 Fighting
 + Level 3.8 Long Blades
 - Level 1.7 Throwing
 + Level 2.3 Armour
 + Level 3.7 Dodging
 + Level 2.3 Spellcasting


You had 9 spell levels left.
You didn't know any spells.
Your spell library was empty.

Dungeon Overview and Level Annotations

Branches:
Dungeon (4/15)
 Temple: D:4-7

Altars:

Shops:
D:2 :


Innate Abilities, Weirdness & Mutations

You are a tree.
Your roots penetrate the ground, keeping you stationary.
You cannot be teleported.
You are immune to unholy pain and torment.
Your maximum health is greatly increased.
Your equipment is partially melded.
((You have sharp fingernails.))
((You have sharp toenails.))
Spells you cast may paralyse adjacent enemies.


Message History

You claw the hornet, but do no damage.
The hornet is moderately wounded.
You closely miss the hornet.
The hornet is moderately wounded.
The hornet completely misses you. The hornet misses you.
You closely miss the hornet.
The hornet is moderately wounded.
The hornet stings you.
You feel yourself slow down. The hornet stings you.
You feel as though you will be slow longer.
You barely miss the hornet.
The hornet is moderately wounded.
The hornet stings you!
You are poisoned.
You feel as though you will be slow longer.
The hornet stings you!
You are lethally poisoned!
You feel as though you will be slow longer.
The hornet stings you.
* * * LOW HITPOINT WARNING * * *
You are more poisoned.
You suddenly lose the ability to move!
You can move again.
It was a potion of lignification.
You turn into a tree.
Your +0 cloak melds into your body.
Your +0 helmet melds into your body.
Your +1 leather armour melds into your body.
Your roots penetrate the ground.
* * * LOW HITPOINT WARNING * * *
You feel extremely sick. The hornet completely misses you.
The hornet stings you.
* * * LOW HITPOINT WARNING * * *
You feel as though you will be slow longer.
It was a potion of berserk rage.
A red film seems to cover your vision as you go berserk!
You feel yourself moving faster!
You feel mighty!
* * * LOW HITPOINT WARNING * * *
You feel very sick.
The hornet stings you but does no damage. x2
You barely miss the hornet.
The hornet is moderately wounded.
You die...

##.........## #
#8..?.(....8#
+.....).....+
#8.........8#
#.........#
##8.....8## ##.....##
##8y8## # ###♣## #.
#.#..# #.##.##.#
##.......#
#........##
#.###.#.#.# ######
#....##########.....
###..)...)......####
#.#####.#############


You could see a hornet.

Vanquished Creatures
  3 wights
  A hound (D:4)
  A jelly (D:4)
  An orc wizard (D:4)
  7 adders
  A worm (D:2)
  A dart slug (D:3)
  9 orcs (D:4)
  4 bats
  3 endoplasms
  5 giant cockroaches
  5 goblins
  4 hobgoblins
  12 jackals
  3 quokkas
  2 ball pythons
  2 frilled lizards
  5 kobolds
  6 rats
75 creatures vanquished.

Notes
Turn   | Place    | Note
-------+----------+-------------------------------------------
     0 | D:1      | Revguard the Demonspawn Gladiator began the quest for the
                  | Orb.
     0 | D:1      | Reached XP level 1. HP: 16/16 MP: 1/1
   192 | D:1      | Gained mutation: Spells you cast may paralyse adjacent
                  | enemies. [demonic ancestry]
   192 | D:1      | Reached XP level 2. HP: 20/22 MP: 2/2
   651 | D:2      | Found Efisch's Book Emporium.
   751 | D:2      | Gained mutation: You have sharp toenails. [demonic
                  | ancestry]
   751 | D:2      | Reached XP level 3. HP: 27/28 MP: 4/4
   826 | D:2      | Reached skill level 1 in Armour
   826 | D:2      | Reached skill level 1 in Spellcasting
   968 | D:2      | Found a faded altar of an unknown god.
  1312 | D:2      | Reached XP level 4. HP: 8/34 MP: 4/6
  1767 | D:3      | Reached XP level 5. HP: 40/40 MP: 7/7
  2874 | D:4      | Gained mutation: You have sharp fingernails. [demonic
                  | ancestry]
  2874 | D:4      | Reached XP level 6. HP: 31/47 MP: 9/9
  3556 | D:4      | Noticed a hornet
  3568 | D:4      | Paralysed by a hornet for 1 turns
  3570 | D:4      | HP: 1/105 [poisoned by a hornet]
  3571 | D:4      | Succumbed to a hornet's poison

Illustrated notes

Levels and vault maps discovered:
D:1:      mainiacjoe_arrival_reflecting_pool, layout_basic
D:2:      layout_rooms, chequers_ecumenical_altar_simple, serial_shops,
          nicolae_shop_behind_doors
D:3:      layout_rooms, kennysheep_generic_room_10
D:4:      layout_loops_corners, dk_noncrumbling_4

Skill      XL: |  1  2  3  4  5 |
---------------+----------------+-----
Long Blades    | 3 |  3.8
Armour         | 1 2 |  2.3
Dodging        | 3 |  3.7
Spellcasting   | 1 2 |  2.3
Fighting       | 3 |  3.4
Throwing       | |  1.7

Action                   |  1- 3 |  4- 6 || total
-------------------------+-------+-------++-------
Melee: Long sword        |    73 |   124 ||   197
       Kick              |    17 |    30 ||    47
Throw: Throwing net      |       |     4 ||     4
  Use: Scroll            |     4 |       ||     4
       Potion            |     2 |     2 ||     4
 Stab: Sleeping          |     1 |       ||     1
Armor: Leather armour    |    25 |    64 ||    89
       Skin              |       |     2 ||     2
Dodge: Dodged            |    68 |    96 ||   164
       Rpst.: Long sword |    32 |    25 ||    57
